 Dungeon Crawl Stone Soup version 0.26-a0-259-g1effd001a9 (webtiles) character file.

Game seed: 13930598823515250491

138205 bmfx the Blocker (level 16, -14/189 HPs)
             Began as a Deep Dwarf Venom Mage on July 12, 2020.
             Was the Champion of Makhleb.
             Demolished by a six-headed hydra simulacrum (23 damage)
             ... on level 4 of the Swamp.
             The game lasted 01:41:42 (41723 turns).

bmfx the Blocker (Deep Dwarf Venom Mage)           Turns: 41723, Time: 01:41:42

Health: -14/189    AC: 35    Str: 13    XL:     16   Next: 70%
Magic:  24/24      EV: 19    Int: 22    God:    Makhleb [******]
Gold:   3610       SH: 14    Dex: 13    Spells: 1/27 levels left

rFire    + . .     SeeInvis .     - Unarmed
rCold    . . .     Faith    .   y - +2 kite shield {AC+3}
rNeg     + + +     Spirit   .   (armour currently unavailable)
rPois    ∞         Reflect  .   M - +2 helmet
rElec    +         Harm     .   l - +2 cloak "Cyaheng" {*Drain rF+ rN+}
rCorr    .                      (gloves currently unavailable)
MR       ++...                  (boots currently unavailable)
Stlth    ++........             (no amulet)
HPRegen  0.00/turn              (no ring)
MPRegen  0.19/turn              e - ring of wizardry

@: statue-form, very slightly contaminated, non-regenerating, very slow
A: damage resistance, heal wounds, negative energy resistance 1, sense
surroundings 2, no regeneration
a: Heal Wounds, End Transformation, Minor Destruction, Lesser Servant of
Makhleb, Major Destruction, Greater Servant of Makhleb, Renounce Religion


You were on level 4 of the Swamp.
You worshipped Makhleb.
Makhleb was exalted by your worship.
You were not hungry.
You were a stone statue.
You visited 5 branches of the dungeon, and saw 28 of its levels.

You collected 4544 gold pieces.
You spent 934 gold pieces at shops.


Innate Abilities, Weirdness & Mutations

You are resistant to damage.
You can heal yourself by infusing magical energy.
You resist negative energy. (rN+)
You passively map the area around you.
You do not regenerate.

Dungeon Overview and Level Annotations

Branches:
Dungeon (15/15)            Temple (1/1) D:5            Lair (6/6) D:8
  Swamp (4/4) Lair:2        Snake (0/4) Lair:2        Slime (0/5) Lair:6
    Orc (2/2) D:12            Elf (0/3) Orc:2        Vaults (0/5) D:13
 Depths (0/5) D:15

Altars:
Ashenzari
Cheibriados
Dithmenos
Elyvilon
Fedhas
Gozag
Hepliaklqana
Kikubaaqudgha
Makhleb
Nemelex Xobeh
Qazlal
Ru
Sif Muna
Trog
Uskayaw
Xom
Yredelemnul
Zin
The Shining One
Beogh

Shops:
D:13 *   Orc:1 [%*   Orc:2 (%:%

Portals:
Pandemonium: Orc:2

Annotations:
D:6 exclusion: oklob plant
D:8 2 transporters, vurker's ghost, novice DgWz
D:13 exclusion: shadow
D:14 exclusion: 2 slime creatures
D:15 exclusion: freezing wraith
Swamp:3 3 runed translucent doors, Zaaplaex's ghost, adept FoAK


   Skills:
 - Level 10.0 Fighting
 - Level 12.0 Dodging
 - Level 2.4 Stealth
 - Level 12.0 Shields
 + Level 12.0 Unarmed Combat
 - Level 6.0 Spellcasting
 - Level 6.0 Conjurations
 - Level 10.9 Transmutations
 - Level 2.0 Fire Magic
 - Level 2.0 Air Magic
 - Level 12.0 Earth Magic
 - Level 8.0 Poison Magic
 - Level 6.0 Invocations
 - Level 6.0 Evocations


You had one spell level left.
You knew the following spells:

 Your Spells              Type           Power        Failure   Level
b - Blink                 Tloc           N/A          9%          2
A - Sting                 Tmut/Pois      ####         1%          1
B - Poisonous Vapours     Pois/Air       ####..       1%          2
C - Mephitic Cloud        Conj/Pois/Air  ####....     1%          3
D - Ignite Poison         Fire/Tmut/Pois #####...     1%          3
E - Olgreb's Toxic Radia  Pois           #####...     1%          4
F - Irradiate             Conj/Tmut      #####.....   4%          5
G - Statue Form           Tmut/Erth      ######...    8%          6

Your spell library contained the following spells:

 Spells                   Type           Power        Failure   Level
 Beastly Appendage        Tmut           ######       1%          1
 Animate Skeleton         Necr           #.....       5%          1
 Apportation              Tloc           #.....       5%          1
 Corona                   Hex            #......      5%          1
 Freeze                   Ice            #...         5%          1
 Pain                     Necr           #...         5%          1
 Summon Small Mammal      Summ           #...         5%          1
 Passwall                 Tmut/Erth      ######..     1%          2
 Sticks to Snakes         Tmut           ######..     1%          2
 Spider Form              Tmut/Pois      #####.....   1%          3
 Blade Hands              Tmut           ######....   1%          5
 Dazzling Flash           Conj/Hex       ###...       4%          3
 Ice Form                 Ice/Tmut       ####....     6%          4
 Ensorcelled Hibernation  Hex/Ice        #.....       9%          2
 Hydra Form               Tmut           ######....   10%         6
 Confusing Touch          Hex            #.......     16%         3
 Portal Projectile        Hex/Tloc       #.....       16%         3
 Recall                   Summ/Tloc      N/A          16%         3
 Summon Guardian Golem    Hex/Summ       #.......     16%         3
 Tukima's Dance           Hex            #.......     16%         3
 Vampiric Draining        Necr           #.........   16%         3
 Yara's Violent Unravell  Hex/Tmut       ####......   16%         5
 Fireball                 Conj/Fire      ###.......   26%         5
 Animate Dead             Necr           #.........   45%         4
 Cause Fear               Hex            #.........   45%         4
 Passage of Golubria      Tloc           N/A          45%         4
 Dragon Form              Tmut           ######....   45%         7
 Agony                    Necr           #.......     78%         5
 Starburst                Conj/Fire      ###.......   80%         6
 Darkness                 Hex            #.........   100%        6
 Dispersal                Tloc           #.........   100%        6
 Ring of Flames           Chrm/Fire      ##........   100%        7
 Discord                  Hex            #.........   100%        8
 Ignition                 Fire           ###.......   100%        8

Action                   |  1- 3 |  4- 6 |  7- 9 | 10-12 | 13-15 | 16-18 || total
-------------------------+-------+-------+-------+-------+-------+-------++-------
Melee: Unarmed           |     1 |    94 |    10 |       |   224 |   403 ||   732
       Dagger            |     9 |       |   172 |   353 |   834 |       ||  1368
       Whip              |       |     1 |       |       |       |       ||     1
Throw: Dart              |       |       |       |       |     2 |     1 ||     3
 Cast: Sting             |    18 |     9 |    10 |       |     2 |       ||    39
       Poisonous Vapours |    30 |    58 |   177 |   155 |   206 |       ||   626
       Ignite Poison     |       |       |     6 |    87 |   157 |       ||   250
       Olgreb's Toxic Ra |       |       |     4 |    51 |    90 |       ||   145
       Mephitic Cloud    |       |       |     2 |    21 |     8 |       ||    31
       Statue Form       |       |       |       |       |    15 |    22 ||    37
       Irradiate         |       |       |       |       |     5 |     6 ||    11
Invok: Lesser Servant of |       |       |       |     6 |    35 |     5 ||    46
 Abil: Heal Wounds       |       |     2 |     3 |     1 |     4 |       ||    10
       Stop Flying       |       |       |       |       |     1 |       ||     1
Evoke: Wand              |       |       |     3 |    18 |    26 |       ||    47
       Tin of tremorston |       |       |       |       |     1 |     3 ||     4
  Use: Scroll            |     3 |     7 |     8 |    11 |    11 |     1 ||    41
       Potion            |       |     1 |       |     1 |     5 |       ||     7
 Stab: Sleeping          |       |       |     1 |     1 |    13 |       ||    15
       Paralysed         |       |       |       |    10 |     6 |       ||    16
       Distracted        |       |       |       |       |     7 |     3 ||    10
       Invisible         |       |       |       |       |     4 |       ||     4
       Confused          |       |       |       |       |       |     2 ||     2
  Eat: Ration            |     1 |     3 |     6 |    10 |    15 |     2 ||    37
Armor: Robe              |     4 |     2 |       |    52 |   191 |    12 ||   261
       Skin              |       |    13 |       |       |   126 |   618 ||   757
       Ring mail         |       |    56 |   115 |    63 |       |       ||   234
Dodge: Dodged            |    16 |    78 |   151 |   256 |   708 |   689 ||  1898
Block: Buckler           |       |       |    46 |    84 |       |       ||   130
       Kite shield       |       |       |       |   111 |   869 |   498 ||  1478

Skill      XL: |  1  2  3  4  5  6  7  8  9 10 11 12 13 14 15 16 |
---------------+-------------------------------------------------+-----
Transmutations | 1 2 4 6 10 | 10.9
Spellcasting   | 2 3 4 6 |  6.0
Poison Magic   | 3 4 5 6 7 8 |  8.0
Air Magic      | 1 2 |  2.0
Conjurations   | 1 2 3 6 |  6.0
Fire Magic     | 1 2 |  2.0
Evocations     | 6 |  6.0
Shields        | 4 10 12 | 12.0
Fighting       | 4 10 | 10.0
Dodging        | 6 8 11 12 | 12.0
Invocations    | 6 |  6.0
Unarmed Combat | 10 12 | 12.0
Earth Magic    | 8 12 | 12.0
Stealth        | |  2.4

Inventory:

Hand Weapons
 o - a +3 dagger of venom
Missiles
 f - 7 curare-tipped darts
 h - 95 poisoned darts (quivered)
Armour
 l - the +2 cloak "Cyaheng" (worn) {*Drain rF+ rN+}
   (You found it on level 4 of the Lair of Beasts)

   It protects you from fire.
   It protects you from negative energy.
   It causes draining when unequipped.
 p - a +0 pair of gloves (melded)
 y - a +2 kite shield of protection (worn)
 H - the +4 robe of Joy (melded) {Str+2 Slay+2 Stlth+}
   (You found it on level 1 of the Lair of Beasts)

   It affects your strength (+2).
   It affects your accuracy and damage with ranged weapons and melee attacks
   (+2).
   It makes you more stealthy.
 J - a +0 pair of boots of flying (melded)
 M - a +2 helmet (worn)
Jewellery
 c - an uncursed ring of fire
 e - a ring of wizardry (right hand)
 A - an uncursed ring of resist corrosion
 P - the ring "Taehuox" {Ice MR++ Dex+3}
   (You bought it in a shop on level 1 of the Orcish Mines)

   [ring of ice]

   It enhances your ice magic.
   It affects your dexterity (+3).
   It makes you vulnerable to fire.
   It protects you from cold.
   It affects your resistance to hostile enchantments.
 R - the ring "Panlunyso" {+Fly rElec MR++ MP+9 Str-5}
   (You found it on level 6 of the Lair of Beasts)

   [ring of flight]

   It affects your strength (-5).
   It insulates you from electricity.
   It affects your resistance to hostile enchantments.
   It affects your magic capacity (+9).
   It lets you fly.
Wands
 a - a wand of clouds (14)
 b - a wand of iceblast (19)
 i - a wand of polymorph (5)
 t - a wand of enslavement (12)
 C - a wand of acid (1)
 E - a wand of digging (12)
 G - a wand of paralysis (1)
 T - a wand of disintegration (14)
Scrolls
 m - a scroll of enchant armour
 n - 11 scrolls of identify {@r3}
 u - 14 scrolls of remove curse {@r4}
 w - 6 scrolls of enchant weapon
 B - 5 scrolls of teleportation {@r1}
 D - 2 scrolls of fear
 O - a scroll of fog
 Q - 3 scrolls of immolation
 S - a scroll of magic mapping
Potions
 g - 7 potions of curing {@q2}
 j - 6 potions of mutation
 k - 2 potions of cancellation
 q - a potion of might
 r - 6 potions of stabbing
 v - a potion of berserk rage
 x - 4 potions of lignification
 z - 7 potions of heal wounds {@q1}
 F - 4 potions of haste
 I - 4 potions of brilliance
 L - a potion of flight
 N - 3 potions of resistance
Miscellaneous
 s - a tin of tremorstones (2/3)
 K - a phial of floods
Comestibles
 d - 43 rations

*≈.♣ .#*♣♣:(*
##.≈≈≈≈.♣♣ ≈.. ≈,≈≈.
##≈≈....♣♣. ♣.. ≈♣.≈.
#♣≈≈≈..≈≈.♣≈
*#≈Z♣..≈§
*#♣≈≈≈.≈.≈≈≈♣≈
#..♣≈.♣ #..≈≈.♣§≈≈♣♣♣
#.≈.. #♣<....♣≈.<..≈
##.Z# ##.≈≈...≈♣≈..≈≈
#$3Z♣♣#.≈≈≈...♣♣♣♣♣.≈
♣..58≈♣♣≈≈...♣♣ ♣.≈
♣♣≈♣[♣♣≈...≈♣♣* * ♣♣≈
♣.†.♣§.§†.≈≈♣, ♣♣ *
** ♣♣≈≈≈.!.≈♣♣≈.§≈.♣
≈ ≈≈♣♣≈≈†♣♣♣♣*..≈≈≈♣
≈ ♣≈†††≈≈♣ ♣..≈♣♣
♣≈≈≈.≈≈.♣≈..♣♣ ♣♣ ≈
♣.≈≈≈≈≈≈≈≈./♣ ♣♣≈ *
...≈≈≈≈≈≈≈≈.♣ ♣♣.≈


You could see a seven-headed hydra simulacrum, a six-headed hydra simulacrum, a
seven-headed hydra zombie, a friendly neqoxec (summoned) and a friendly crimson
imp (summoned).

Vanquished Creatures
  Rupert (D:13)
  Jorgrun (Swamp:2)
  2 thorn hunters
  A stone giant (Orc:2)
  A hydra skeleton (Swamp:4)
  A vampire knight (Swamp:4)
  A very ugly thing (Swamp:1)
  2 dire elephants (Lair:6)
  A fire dragon (Lair:6)
  Josephine (Orc:2)
  Fannar (D:10)
  Erolcha (D:10)
  10 hydras
  5 centaur warriors
  2 shambling mangroves (Swamp:4)
  2 catoblepae (Lair:6)
  6 two-headed ogres
  11 alligators
  7 death yaks
  2 tengu warriors (D:15)
  Urug (Lair:6)
  5 orc high priests (Orc:2)
  An ogre mage (D:15)
  A sun demon (Orc:2)
  4 spriggan druids
  A deep troll (D:15)
  2 infernal demonspawn (Orc:2)
  A torturous demonspawn (Orc:2)
  A swamp dragon (shapeshifter) (D:15)
  A lindwurm (Lair:6)
  6 swamp dragons
  5 orc knights
  9 ugly things
  3 deep elf magi (D:15)
  An oklob plant (Lair:2)
  6 orc sorcerers
  A cyclops (D:14)
  5 manticores
  3 black mambas
  4 elephants
  2 centaur zombies (D:15)
  16 cane toads
  A gargoyle (D:12)
  4 kobold demonologists
  An orange demon (Orc:2)
  2 centaur skeletons (D:15)
  A freezing wraith (Swamp:4)
  4 rime drakes
  A hellwing (Orc:2)
  9 komodo dragons
  An ice devil (Orc:2)
  2 hydra zombies (Swamp:4)
  9 trolls
  9 tyrant leeches
  A queen bee (Lair:3)
  A bog body (Swamp:1)
  4 death drake zombies (Swamp:4)
  16 blink frogs
  7 hornets
  A death drake skeleton (Swamp:4)
  32 slime creatures
  12 hippogriffs
  6 dream sheep
  A shadow (D:13)
  A spriggan (D:7)
  8 wyverns
  23 yaks
  6 basilisks
  Grum (D:8)
  A yak (shapeshifter) (D:15)
  21 vampire mosquitoes
  2 steam dragons (Lair:6)
  13 swamp worms
  3 wargs
  2 hydra simulacra (Swamp:4)
  14 insubstantial wisps
  2 nagas (Lair:2)
  2 acid dragons (Lair:6)
  15 water moccasins
  32 orc warriors
  2 hornet zombies
  11 porcupines
  7 swamp drakes
  An eye of draining (D:9)
  3 black bears
  3 swamp dragon zombies (Swamp:4)
  11 ogres
  5 sky beasts
  3 ice beasts
  A necrophage (D:11)
  A phantom (D:6)
  16 wolves
  7 centaurs
  17 crocodiles
  6 big kobolds
  23 bullfrogs
  9 scorpions
  A wyvern skeleton (D:14)
  33 killer bees
  2 jellies
  9 wights
  4 howler monkeys
  A quasit (D:8)
  A wyvern simulacrum (D:14)
  5 hounds
  25 orc priests
  6 bullfrog skeletons
  4 iguanas
  Ijyb (D:3)
  15 orc wizards
  13 worker ants
  Terence (D:2)
  A howler monkey zombie (D:8)
  8 adders
  3 gnolls (D:8)
  3 white imps
  2 ufetubi
  6 oozes
  An adder zombie (D:5)
  2 adder skeletons
  A worm (D:6)
  5 dart slugs
  8 leopard geckos
  115 orcs
  6 bats
  9 giant cockroaches
  6 goblins
  4 hobgoblins (D:1)
  11 jackals
  37 kobolds
  3 quokkas
  2 ball pythons
  5 frilled lizards
  A leopard gecko zombie (D:5)
  3 quokka skeletons
  5 rats (D:1)
  6 briar patches (Swamp:2)
  A butterfly (Lair:2)
910 creatures vanquished.

Vanquished Creatures (collateral kills)
  5 hydras
  2 dancing weapons (D:13)
  An orc sorcerer (Orc:2)
  2 black mambas (Lair:6)
  A torpor snail (Lair:6)
  2 cane toads (Lair:4)
  A komodo dragon (D:13)
  An ice devil (Orc:2)
  3 hellwings (Orc:2)
  A blink frog (Lair:6)
  3 slime creatures
  2 death drake skeletons (Swamp:4)
  3 wraiths (Orc:2)
  A shadow (D:13)
  5 yaks
  4 vampire mosquitoes
  4 water moccasins
  A hydra simulacrum (Swamp:4)
  2 ice beasts
  2 orc warriors (Orc:2)
  A wolf (Lair:6)
  A crocodile (Lair:6)
  A bullfrog (D:13)
  A bullfrog zombie (D:12)
  A hound (D:12)
  A bullfrog skeleton (D:13)
  2 orc priests (Orc:2)
  2 orc wizards
56 creatures vanquished.

Vanquished Creatures (others)
  A tyrant leech (Swamp:3)
  2 vampire mosquitoes (Swamp:2)
  A sky beast (D:14)
  40 fungi
  34 plants
78 creatures vanquished.

Grand Total: 1044 creatures vanquished

Levels and vault maps discovered:
D:1:      dpeg_arrival_caged_fury, layout_basic
D:2:      layout_loops_ring, uniq_terence
D:3:      layout_basic, nicolae_ru_awakened_eye, grunt_temple_overflow_diamond,
          kennysheep_generic_room_6, uniq_ijyb
D:4:      layout_basic, dancing_weapons_uskayaw, first_ration,
          kennysheep_crisscross, minmay_misc_feat_columns
D:5:      layout_basic, minmay_temple_entry_wispy
D:6:      layout_basic, nicolae_lava_and_water, lemuel_oklob_altar
D:7:      layout_basic, the_bakery
D:8:      layout_cave_pools, due_lair_maze_entry_diamond, special_room
          [special_room_orc], gammafunk_ghost_wrathful_warriors, uniq_grum
D:9:      layout_cross, tso_oasis_becter, kennysheep_generic_room_7
D:10:     layout_irregular_city, minmay_misc_feat_diagonals,
          onia_ninara_dug_in_and_dangerous, uniq_erolcha, uniq_fannar
D:11:     layout_small_grid
D:12:     layout_basic, david_orc_5, basic_altar
D:13:     layout_gridville, erik_vaults_1, serial_shops, shop, uniq_rupert
D:14:     layout_stronghold, corexii_leaking_fountain
D:15:     hangedman_depths_entry_civil_slaughter, layout_basic,
          serial_co_window_serial, co_window_of_opportunity_a,
          co_window_paths_b, co_window_paths_a, co_window_paths_b,
          co_window_paths_a, co_window_corner_a, co_window_paths_b,
          co_window_paths_c, co_window_cross_2, co_window_2corner,
          co_window_corner_b, co_window_broadway_b, glass_columns_a
Temple:   kb_temple_of_zot
Lair:1:   layout_cave_pods, chequers_serial_rivers_micro_d,
          small_statue_intersection, serial_bayou_shore_b
Lair:2:   cheibrodos_lair_river_kwai, layout_cave_pods, swamp_mist,
          guppyfry_snake_entry_island, lemuel_fruit_fields
Lair:3:   regret_index_tunnel_blossom, layout_cave_pods,
          nicolae_quartered_pool_medium, st_stairs_5
Lair:4:   layout_hall_layers, minivault_24
Lair:5:   layout_regular_city, serial_bayou_shore_b, grunt_megastairs_5,
          serial_bayou_shore_b
Lair:6:   hangedman_lair_in_review, layout_regular_city,
          guppyfry_lair_end_dragon, slime_dummy, uniq_urug
Swamp:1:  layout_falls_marsh, evilmike_swamp_ruin_house_6
Swamp:2:  layout_basic_swamp, nicolae_swamp_godswood, uniq_jorgrun
Swamp:3:  layout_falls_marsh, gammafunk_ghost_hydra_chop,
          evilmike_swamp_ruin_rubble_1, swamp_pool1, infiniplex_staircase_pool
Swamp:4:  byrel_swamp_growth_death_and_undeath, layout_basic_swamp, swamp_pool3,
          statue_in_the_mist_lemuel
Orc:1:    layout_caves, serial_shops, shop, shop, shop, basic_altar
Orc:2:    pf_orc_diabolical, layout_caves, nicolae_orc_pool_cavern,
          uniq_josephine


Message History

The six-headed hydra simulacrum freezes you!!
* * * LOW HITPOINT WARNING * * *
You block the six-headed hydra simulacrum's attack.
Your neqoxec hits the six-headed hydra simulacrum!
Okay, then.
You're wearing all the rings you can.
Remove which one? (? for menu, Esc to cancel) < or
A - a ring of resist corrosion; > or
e - a ring of wizardry You remove your ring of resist corrosion.
Your crimson imp hits the six-headed hydra simulacrum.
Your neqoxec hits the six-headed hydra simulacrum!
You block the six-headed hydra simulacrum's attack.
The six-headed hydra simulacrum barely misses you.
The six-headed hydra simulacrum bites you.
The six-headed hydra simulacrum freezes you!!
* * * LOW HITPOINT WARNING * * *
You block the six-headed hydra simulacrum's attack.
The six-headed hydra simulacrum bites you.
The six-headed hydra simulacrum freezes you!!
You die...

Notes
Turn   | Place    | Note
-------+----------+-------------------------------------------
     0 | D:1      | bmfx the Deep Dwarf Venom Mage began the quest for the Orb.
     0 | D:1      | Reached XP level 1. HP: 15/15 MP: 3/3
     1 | D:1      | Found a runed translucent door.
    16 | D:1      | Reached skill level 1 in Transmutations
   210 | D:1      | Reached XP level 2. HP: 20/22 MP: 1/5
   214 | D:1      | Learned a level 2 spell: Poisonous Vapours
  1112 | D:1      | Reached XP level 3. HP: 24/28 MP: 3/6
  1707 | D:2      | Noticed Terence
  1710 | D:2      | Killed Terence
  1841 | D:2      | Noticed a scorpion
  1845 | D:2      | Killed a scorpion
  1845 | D:2      | Reached skill level 1 in Air Magic
  1845 | D:2      | Reached XP level 4. HP: 31/36 MP: 0/7
  2978 | D:3      | Noticed Ijyb
  3000 | D:3      | Killed Ijyb
  3000 | D:3      | Reached XP level 5. HP: 42/42 MP: 1/8
  3363 | D:3      | Found a shimmering altar of Xom.
  3366 | D:3      | Found a shadowy altar of Dithmenos.
  3369 | D:3      | Found a basalt altar of Yredelemnul.
  3464 | D:3      | Found a sacrificial altar of Ru.
  4023 | D:4      | You fall into a shaft and drop 3 floors!
  4032 | D:7      | Noticed an ice beast
  4045 | D:6      | Noticed an ice beast
  4129 | D:6      | Reached XP level 6. HP: 37/49 MP: 1/9
  4202 | D:6      | Noticed an ice beast
  4360 | D:6      | Reached skill level 5 in Poison Magic
  4441 | D:6      | Noticed a sky beast
  4450 | D:5      | Entered Level 5 of the Dungeon
  4717 | D:4      | Found a hide-covered altar of Uskayaw.
  4717 | D:4      | Noticed a +0 dagger
  4717 | D:4      | Noticed a +0 hand axe
  4841 | D:5      | Reached XP level 7. HP: 46/55 MP: 2/10
  5699 | D:4      | Learned a level 3 spell: Mephitic Cloud
  5703 | D:4      | Learned a level 3 spell: Ignite Poison
  6299 | D:5      | Reached skill level 1 in Conjurations
  6299 | D:5      | Reached skill level 1 in Fire Magic
  6488 | D:5      | Found a staircase to the Ecumenical Temple.
  6493 | Temple   | Entered the Ecumenical Temple
  6540 | Temple   | Became a worshipper of Makhleb the Destroyer
  6581 | D:5      | Got a crude spear
  7143 | D:5      | Identified the +6 spear of Prudence {vorpal, MP-9 Dex+6}
                  | (You found it on level 5 of the Dungeon)
  7563 | D:5      | Found a staircase to the Ecumenical Temple.
  7645 | D:6      | Reached XP level 8. HP: 41/62 MP: 4/11
  7789 | D:6      | Reached skill level 1 in Evocations
  8233 | D:6      | Found a white marble altar of Elyvilon.
  8238 | D:6      | Noticed an oklob plant
  8474 | D:7      | Noticed a brown ugly thing
  8638 | D:7      | Reached skill level 5 in Evocations
  8775 | D:7      | Reached skill level 1 in Shields
  9353 | D:8      | Noticed Grum
  9840 | D:8      | Gained mutation: You passively map the area around you.
                  | [Deep Dwarf growth]
  9840 | D:8      | Reached XP level 9. HP: 68/68 MP: 4/11
 10467 | D:7      | Learned a level 4 spell: Olgreb's Toxic Radiance
 10560 | D:8      | Reached * piety under Makhleb
 10560 | D:8      | Reached skill level 1 in Fighting
 11314 | D:7      | Reached skill level 5 in Dodging
 11632 | D:8      | Reached ** piety under Makhleb
 11706 | D:8      | Killed Grum
 11706 | D:8      | Reached XP level 10. HP: 59/85 MP: 3/13
 11894 | D:8      | Found a transporter.
 11897 | D:8      | Noticed a moth of wrath
 11897 | D:8      | Noticed vurker's ghost (novice DgWz)
 11900 | D:8      | Found a bloodstained altar of Trog.
 11916 | D:8      | Found a transporter.
 12088 | D:8      | Found a staircase to the Lair.
 12461 | D:8      | Reached *** piety under Makhleb
 12461 | D:8      | Reached skill level 1 in Invocations
 13030 | D:9      | Found a glowing golden altar of the Shining One.
 13065 | D:9      | Noticed a two-headed ogre
 13070 | D:9      | Killed a two-headed ogre
 13152 | D:9      | Identified a scroll of acquirement
 13922 | D:10     | Entered Level 10 of the Dungeon
 13953 | D:10     | Acquired the Grimoire of Curses and Shape Shifting
 13954 | D:10     | Acquired a +2 kite shield of protection
 14129 | D:10     | Noticed Erolcha
 14750 | D:10     | Noticed Fannar
 14923 | D:11     | Noticed a two-headed ogre
 15319 | D:11     | Reached XP level 11. HP: 92/92 MP: 5/17
 15330 | D:11     | Killed a two-headed ogre
 15330 | D:11     | Reached skill level 5 in Spellcasting
 15330 | D:11     | Reached skill level 5 in Transmutations
 15683 | D:11     | Noticed a brown ugly thing
 15692 | D:11     | Killed a brown ugly thing
 16077 | D:11     | Reached **** piety under Makhleb
 17575 | D:7      | Killed a brown ugly thing
 17575 | D:7      | Reached skill level 5 in Shields
 17688 | Lair:1   | Entered Level 1 of the Lair of Beasts
 18143 | Lair:1   | Got a dull robe
 18154 | Lair:1   | Identified the +4 robe of Joy {Str+2 Slay+2 Stlth+} (You
                  | found it on level 1 of the Lair of Beasts)
 19090 | Lair:2   | Found a staircase to the Swamp.
 19196 | Lair:2   | Noticed an oklob plant
 19524 | Lair:2   | Reached ***** piety under Makhleb
 19912 | Lair:2   | Reached skill level 10 in Shields
 19912 | Lair:2   | Reached XP level 12. HP: 45/98 MP: 8/20
 21852 | Lair:3   | Reached skill level 10 in Dodging
 22284 | Lair:4   | Got an encrusted cloak
 22387 | Lair:4   | Noticed an eight-headed hydra
 22398 | Lair:4   | Killed an eight-headed hydra
 22883 | Lair:4   | Noticed a six-headed hydra
 22891 | Lair:4   | Killed a six-headed hydra
 23263 | Lair:4   | Reached XP level 13. HP: 105/105 MP: 7/21
 23407 | Lair:5   | Reached skill level 1 in Unarmed Combat
 23612 | Lair:5   | Identified the +2 cloak "Cyaheng" {*Drain rF+ rN+} (You
                  | found it on level 4 of the Lair of Beasts)
 23982 | Lair:5   | Reached skill level 5 in Unarmed Combat
 24549 | Lair:6   | Entered Level 6 of the Lair of Beasts
 25044 | Lair:6   | Noticed a dire elephant
 25073 | Lair:6   | Found a staircase to the Slime Pits.
 26166 | Lair:6   | Noticed Urug
 26180 | Lair:6   | Killed Urug
 26487 | Lair:6   | Killed a dire elephant
 26754 | Lair:6   | Reached skill level 10 in Unarmed Combat
 26754 | Lair:6   | Gained mutation: You resist negative energy. (rN+) [Deep
                  | Dwarf growth]
 26754 | Lair:6   | Reached XP level 14. HP: 114/114 MP: 1/22
 27064 | Lair:6   | Identified Hutewn's Almanac of the Mutagenic Entourage
 27067 | Lair:6   | Got a scorched cloak
 27068 | Lair:6   | Identified the +0 cloak of Tegebec {Harm rC+ Str+7} (You
                  | found it on level 6 of the Lair of Beasts)
 27640 | D:12     | Found a roughly hewn altar of Beogh.
 27640 | D:12     | Found a staircase to the Orcish Mines.
 27684 | D:12     | Found a bloodstained altar of Trog.
 27924 | D:12     | Reached skill level 5 in Fighting
 28292 | D:13     | Noticed Rupert
 28683 | D:13     | Found Ebaint Jiti's Assorted Antiques.
 28694 | D:13     | Bought a wand of iceblast (13) for 112 gold pieces
 28842 | D:13     | Killed Rupert
 29093 | D:13     | Found a gate to the Vaults.
 31056 | D:14     | Reached ****** piety under Makhleb
 31554 | D:15     | Entered Level 15 of the Dungeon
 32165 | D:15     | Identified Sif Muna's Collected Works on Frigorific
                  | Displacement
 32176 | D:15     | Learned a level 2 spell: Blink
 32182 | D:15     | Learned a level 5 spell: Irradiate
 32201 | D:15     | Reached skill level 10 in Fighting
 32762 | D:15     | Found a staircase to the Depths.
 33102 | D:15     | Reached XP level 15. HP: 138/138 MP: 0/23
 33580 | Orc:1    | Entered Level 1 of the Orcish Mines
 33580 | Orc:1    | Found Kyjiar's Food Boutique.
 33604 | Orc:1    | Found Cerak's Assorted Antiques.
 33877 | Orc:1    | Bought a scroll labeled GAEPSUMOXA for 31 gold pieces
 33877 | Orc:1    | Bought a transparent amber ring for 155 gold pieces
 33877 | Orc:1    | Bought a scroll labeled ROCZICS MUUS for 31 gold pieces
 33880 | Orc:1    | Identified the ring "Taehuox" {Ice MR++ Dex+3} (You bought
                  | it in a shop on level 1 of the Orcish Mines)
 34085 | Orc:1    | Found a roughly hewn altar of Beogh.
 34338 | Orc:1    | Found Baoskuoj's Armour Boutique.
 34589 | Orc:2    | Entered Level 2 of the Orcish Mines
 34621 | Orc:2    | Noticed Josephine
 34628 | Orc:2    | Killed Josephine
 34999 | Orc:2    | Reached skill level 5 in Conjurations
 35174 | Orc:2    | Found Axkiar's Food Shoppe.
 35584 | Orc:2    | Found Ynkuhecw's Food Emporium.
 36596 | Orc:2    | Found a staircase to the Elven Halls.
 37063 | Orc:2    | Found Bynaasiy's Antique Weapon Boutique.
 37063 | Orc:2    | Found Pooqih's Book Shop.
 37063 | Orc:2    | Found a one-way gate leading to the halls of Pandemonium.
 37117 | Orc:2    | Bought a book of Transfigurations for 605 gold pieces
 37124 | Orc:2    | Learned a level 6 spell: Statue Form
 37130 | Orc:2    | Reached skill level 1 in Earth Magic
 37301 | D:10     | Killed Erolcha
 37382 | D:10     | Killed Fannar
 37707 | Swamp:1  | Entered Level 1 of the Swamp
 37736 | Lair:2   | Found a staircase to the Snake Pit.
 38380 | Lair:6   | Got a flickering iron ring
 38386 | Lair:6   | Identified the ring "Panlunyso" {+Fly rElec MR++ MP+9
                  | Str-5} (You found it on level 6 of the Lair of Beasts)
 38551 | Swamp:1  | Reached skill level 5 in Earth Magic
 38899 | Swamp:1  | Reached skill level 10 in Transmutations
 39538 | Swamp:2  | Noticed Jorgrun
 39561 | Swamp:2  | Killed Jorgrun
 39561 | Swamp:2  | Reached XP level 16. HP: 146/146 MP: 24/24
 39682 | Swamp:2  | Acquired 1620 gold pieces
 39686 | Swamp:2  | Noticed a thorn hunter
 39697 | Swamp:2  | Killed a thorn hunter
 39771 | Swamp:2  | Found a shadowy altar of Dithmenos.
 40246 | Swamp:2  | Reached skill level 10 in Earth Magic
 40433 | Swamp:3  | Found a runed translucent gate.
 40434 | Swamp:3  | Found a runed translucent gate.
 40439 | Swamp:3  | Found a runed translucent gate.
 40453 | Swamp:3  | Noticed Zaaplaex's ghost (adept FoAK)
 41250 | Swamp:4  | Entered Level 4 of the Swamp
 41710 | Swamp:4  | Noticed a thorn hunter
 41720 | Swamp:4  | Killed a thorn hunter
 41723 | Swamp:4  | HP: 9/189 [six-headed hydra simulacrum (19)]
 41723 | Swamp:4  | Demolished by a six-headed hydra simulacrum
